 Dungeon Crawl Stone Soup version 0.24.0-13-gcf9b3192b9 (webtiles) character file.

Game seed: 12628741104949473207, levelgen mode: deterministic

147 Midas the Conjurer (level 5, -9/42 HPs)
             Began as a Hill Orc Conjurer on Nov 10, 2019.
             Mangled by an iguana (10 damage)
             ... on level 3 of the Dungeon.
             The game lasted 00:05:43 (4133 turns).

Midas the Conjurer (Hill Orc Conjurer)              Turns: 4133, Time: 00:05:44

Health: -9/42      AC:  4    Str: 11    XL:     5   Next: 29%
Magic:  2/8        EV: 12    Int: 16    God:
Gold:   142        SH:  0    Dex: 11    Spells: 5/8 levels left

rFire    . . .     SeeInvis .   f - +0 short sword (protect)
rCold    . . .     Gourm    .   (no shield)
rNeg     . . .     Faith    .   a - +0 robe
rPois    .         Spirit   .   v - +0 helmet
rElec    .         Reflect  .   (no cloak)
rCorr    .         Harm     .   h - +0 pair of gloves
MR       .....                  (no boots)
Stlth    ++........             (no amulet)
HPRegen  0.14/turn              (no ring)
MPRegen  0.11/turn              (no ring)

@: hasted, very quick
A: no striking features
a: no special abilities


You were on level 3 of the Dungeon.
You were not hungry.

You visited 1 branch of the dungeon, and saw 4 of its levels.

You collected 142 gold pieces.

Inventory:

Hand Weapons
 f - a +0 short sword of protection (weapon)
 p - a +0 hunting sling
Missiles
 e - 171 stones (quivered)
Armour
 a - a +0 robe (worn)
 h - a +0 pair of gloves (worn)
 v - a +0 helmet (worn)
Jewellery
 j - an uncursed ring of protection from magic {unknown}
 l - a cursed -5 ring of strength {unknown}
 m - an uncursed amulet of magic regeneration {unknown}
Scrolls
 d - a scroll of noise {unknown}
 g - 3 scrolls of teleportation
 i - 3 scrolls of enchant armour {unknown}
 k - 2 scrolls of identify {unknown}
 o - 3 scrolls of fear
 r - a scroll of magic mapping {unknown}
 s - 2 scrolls of amnesia {unknown}
Potions
 n - a potion of lignification {unknown}
 q - a potion of ambrosia {unknown}
 t - a potion of heal wounds {unknown}
Comestibles
 c - 9 rations


   Skills:
 + Level 2.6 Fighting
 - Level 1.5 Dodging
 - Level 1.5 Stealth
 + Level 2.3 Spellcasting
 * Level 5.3 Conjurations


You had 5 spell levels left.
You knew the following spells:

 Your Spells              Type           Power        Failure   Level  Hunger
a - Magic Dart            Conj           ###.         2%          1    #......
b - Searing Ray           Conj           ###...       3%          2    ###....

Your spell library contained the following spells:

 Spells                   Type           Power        Failure   Level  Hunger
 Animate Skeleton         Necr           N/A          21%         1    #......
 Pain                     Necr           #...         21%         1    #......
 Dazzling Spray           Conj/Hex       ##....       21%         3    ###....
 Iskenderun's Mystic Bla  Conj           ###.....     22%         4    #####..
 Regeneration             Chrm/Necr      #.........   52%         3    ###....
 Vampiric Draining        Necr           #.........   52%         3    ###....
 Force Lance              Conj/Tloc      ##......     54%         4    #####..
 Fulminant Prism          Conj/Hex       ##........   54%         4    #####..
 Animate Dead             Necr           N/A          89%         4    #####..


Dungeon Overview and Level Annotations

Branches:
Dungeon (4/15)
 Temple: D:4-7

Altars:
Nemelex Xobeh
Qazlal
Trog
The Shining One


Message History

You climb upwards.
There is a stone staircase leading down, spattered with blood here.
You see here a +0 club.
Casting: Magic Dart (safe; 2% risk of failure)
Confirm with . or Enter, or press ? or * to list all spells.
Aiming: Searing Ray (safe; 3% risk of failure)
Press: ? - help, Shift-Dir - straight line, f - iguana
Aim: an iguana (lightly wounded)
The searing ray hits the iguana.
The iguana is moderately wounded. (Press . to maintain the ray.)
The iguana bites you!
* * * LOW HITPOINT WARNING * * *
The searing ray hits the iguana.
The iguana is heavily wounded.
The iguana bites you.
* * * LOW HITPOINT WARNING * * *
Okay, then.
It was a potion of haste.
You feel yourself speed up. The iguana bites you!
You die...

................_........'...# #
####.##.#...#.......#...##...# #
##..........#.......#...##...# #
............##.....##...###.#####
.....##.....####.####)...........
.....##..........................
.....##....#.#).##.##....##.##.##
..)............>##.##....##.##.##
..##.##.......)[@..#......#.##.##
##.............##l.#......#.##...
##...#....#.#.##.........#.##...
###........#.#.##.##.............
...........#.#.##.##.##...#.##...
###................#.##.#........
........[........................
####......................#.###..
.....##.#.##.###..##.##.#.### #..


You could see an iguana.

Vanquished Creatures
  A hound zombie (D:3)
  Robin (D:3)
  3 adders (D:3)
  2 worms
  A dart slug (D:1)
  2 leopard geckos
  3 orcs (D:3)
  A ball python (D:1)
  7 bats
  4 giant cockroaches
  12 goblins
  15 hobgoblins
  3 jackals (D:1)
  3 frilled lizards
  10 kobolds
  A leopard gecko zombie (D:3)
  6 rats
75 creatures vanquished.

Notes
Turn   | Place    | Note
-------+----------+-------------------------------------------
     0 | D:1      | Midas the Hill Orc Conjurer began the quest for the Orb.
     0 | D:1      | Reached XP level 1. HP: 14/14 MP: 3/3
   132 | D:1      | Reached XP level 2. HP: 22/22 MP: 0/4
   234 | D:1      | Reached skill level 1 in Fighting
   456 | D:1      | Reached XP level 3. HP: 21/28 MP: 0/5
   736 | D:1      | Learned a level 2 spell: Searing Ray
  2300 | D:3      | Reached XP level 4. HP: 29/36 MP: 1/7
  2471 | D:3      | Reached skill level 5 in Conjurations
  2630 | D:3      | Found a sparkling altar of Nemelex Xobeh.
  3107 | D:3      | Reached XP level 5. HP: 42/42 MP: 0/8
  3187 | D:3      | Found a bloodstained altar of Trog.
  3189 | D:3      | Found a stormy altar of Qazlal.
  3190 | D:3      | Found a glowing golden altar of the Shining One.
  3428 | D:4      | Noticed Robin
  3761 | D:3      | Killed Robin
  4130 | D:3      | HP: 1/42 [iguana (6)]
  4133 | D:3      | Mangled by an iguana

Levels and vault maps discovered:
D:1:      lemuel_arrival_tunnels, layout_basic, minmay_tiny_reverse_x
D:2:      layout_basic, minmay_pentomino_u2
D:3:      layout_basic, old_standard_altar, grunt_temple_overflow_open
D:4:      layout_basic, overflow_temple_1_default, cheibriados_altar_1,
          serial_corexii_hall, corexii_hall_statues_l,
          chequers_hall_statues_corner_a, serial_shops, shop, first_ration,
          chequers_serial_rivers_micro_a, uniq_eustachio, uniq_edmund,
          uniq_robin, uniq_ijyb

Skill      XL: |  1  2  3  4 |
---------------+-------------+-----
Fighting       | 1 2 |  2.6
Spellcasting   | 2 |  2.3
Conjurations   | 5 |  5.3
Dodging        | |  1.5
Stealth        | |  1.5

Action                   |  1- 3 |  4- 6 || total
-------------------------+-------+-------++-------
Melee: Unarmed           |     3 |       ||     3
       Short sword       |    64 |    27 ||    91
 Cast: Magic Dart        |    73 |    79 ||   152
       Searing Ray       |       |     2 ||     2
  Use: Scroll            |       |     2 ||     2
       Potion            |       |     1 ||     1
 Stab: Sleeping          |     1 |       ||     1
  Eat: Chunk             |     4 |     5 ||     9
       Ration            |       |     1 ||     1
Armor: Robe              |    18 |    12 ||    30
Dodge: Dodged            |    54 |    44 ||    98
